 Dungeon Crawl Stone Soup version 0.18-a0-888-g17a9b31 (webtiles) character file.

203 HAWKINGL3623 the Distorting Lacertilian (level 5, -1/36 HPs)
             Began as a Lacertilian Abyssal Knight on Jan 25, 2016.
             Was a Believer of Lugonu.
             Slain by an iguana (6 damage)
             ... on level 4 of the Dungeon.
             The game lasted 00:19:39 (3752 turns).

HAWKINGL3623 the Distorting Lacertilian (LaAK)      Turns: 3752, Time: 00:19:39

Health: -1/36      AC: 11    Str: 11    XL:     5   Next: 81%
Magic:  6/6        EV: 12    Int: 12    God:    Lugonu [**....]
Gold:   240        SH:  0    Dex: 16    Spells: 1 memorised, 2 levels left

rFire  + + .     SeeInvis .     a - +1 spear
rCold  + . .     Gourm    .     s - +2 leather armour {rN+}
rNeg   + . .     Faith    +     (no shield)
rPois  +         Spirit   .     (no helmet)
rElec  +         Dismiss  .     g - +1 cloak
rCorr  +         Reflect  .     i - +0 pair of gloves
SustAt .         Harm     .     (no boots)
MR     .....                    (no amulet)
Stlth  +++.......               q - ring of poison resistance
                                o - ring of protection from fire

@: resistant, slowed, very slow, not resistant to hostile enchantments, fairly
stealthy
A: faith, no wrath for changing religions, slimy green scales 2, camouflage 1,
cold-blooded
a: Depart the Abyss, Bend Space, Renounce Religion


You were on level 4 of the Dungeon.
You worshipped Lugonu.
Lugonu was pleased with you.
You were not hungry.

You visited 1 branch of the dungeon, and saw 4 of its levels.
You visited the Abyss 1 time.

You collected 240 gold pieces.

Inventory:

Hand Weapons
 a - a +1 spear (weapon)
 b - a +0 halberd
 j - a +0 hunting sling
Missiles
 k - 11 sling bullets
Armour
 g - a +1 cloak (worn)
 i - a +0 pair of gloves (worn)
 s - a +2 leather armour of positive energy (worn)
Jewellery
 o - a ring of protection from fire (left hand)
 q - a ring of poison resistance (right hand)
Scrolls
 e - 3 scrolls of blinking
 h - a scroll of teleportation
 l - a scroll of remove curse
 m - 2 scrolls of fog
 r - a scroll of recharging
Potions
 d - a potion of resistance
 p - a potion of flight
Books
 n - a book of Spatial Translocations

   Spells                             Type                      Level
   a - Apportation                    Translocation                1
   b - Blink                          Translocation                2
   c - Shroud of Golubria             Charms/Translocation         2
   d - Portal Projectile              Translocation                3
   e - Teleport Other                 Translocation                3
   f - Passage of Golubria            Translocation                4
Comestibles
 f - 4 meat rations


   Skills:
 + Level 3.2 Fighting
 + Level 2.1 Polearms
 + Level 1.5 Slings
 + Level 2.3 Armour
 + Level 2.6 Dodging
 + Level 1.8 Stealth
 + Level 3.2 Invocations


You had 2 spell levels left.
You knew the following spells:

 Your Spells              Type           Power        Failure   Level  Hunger
a - Shroud of Golubria    Chrm/Tloc      #.........   69%         2    ###....


Dungeon Overview and Level Annotations

Branches:
Dungeon (4/15)
 Temple: D:4-7

Altars:
Cheibriados
Makhleb
Okawaru
Zin
The Shining One

Annotations:
D:3 mg7810's ghost, weakling LaMo


Innate Abilities, Weirdness & Mutations

You have a strong connection with the divine.
You may change religions without incurring divine wrath.
You are mostly covered in slimy green scales (AC +3).
Your skin changes colour to match your surroundings (Stealth).
You are cold-blooded and may be slowed by cold attacks.


Message History

The orc wizard mumbles some strange words.
The orc wizard blinks!
The orc hits you but does no damage.
You hit the orc.
You kill the orc!
Lugonu accepts your kill. The iguana bites you.
* * * LOW HITPOINT WARNING * * *
The orc wizard mumbles some strange words.
The orc wizard blinks!
The orc wizard hits you but does no damage.
The orc wizard points at you and mumbles some strange words.
You feel as though you will be slow longer.
The iguana closely misses you.
The orc wizard hits you but does no damage.
You hit the orc wizard.
The orc wizard is almost dead.
The orc wizard hits you with a dagger.
* * * LOW HITPOINT WARNING * * *
The iguana bites you.
You die...

#................... .[..
#.<...#####.<...........(
#.....#...+..............
#.....#...#...........(((
##.....#...#########..(..#
.......#...........'.....#
.......+...........#.....#
.......#.........l.# ....#
.......#........@..# ...#
.......#...####.o..# ..#
#####'##...######### ..
................ .
...........>....
.................
......>..........
.................
.................


You could see an iguana and an orc wizard.

Vanquished Creatures
  Jessica (D:2)
  A worker ant (D:4)
  3 gnolls (D:3)
  6 adders
  An ooze (D:1)
  A worm (D:2)
  2 giant geckos
  8 orcs
  2 bats (D:1)
  2 giant cockroaches (D:2)
  5 goblins
  8 hobgoblins
  2 jackals (D:3)
  2 kobolds
  3 quokkas
  2 ball pythons
  4 giant newts
  6 rats
59 creatures vanquished.

Notes
Turn   | Place    | Note
--------------------------------------------------------------
     0 | Abyss:1  | HAWKINGL3623 the Lacertilian Abyssal Knight began the quest for the Orb.
     0 | Abyss:1  | Reached XP level 1. HP: 15/15 MP: 1/1
    16 | Abyss:2  | Found a corrupted altar of Lugonu.
    40 | Abyss:2  | Noticed a small abomination
    59 | Abyss:2  | Noticed a spatial vortex
    61 | Abyss:2  | Noticed a spatial vortex
    65 | Abyss:2  | Noticed a spatial vortex
    65 | D:1      | Escaped the Abyss
   181 | D:1      | Reached XP level 2. HP: 20/20 MP: 3/3
   438 | D:1      | Reached * piety under Lugonu
   512 | D:1      | Reached skill level 3 in Invocations
  1084 | D:2      | Reached XP level 3. HP: 22/25 MP: 4/4
  1101 | D:2      | Found an iron altar of Okawaru.
  1101 | D:2      | Found a glowing silver altar of Zin.
  1388 | D:2      | Learned a level 2 spell: Shroud of Golubria
  1436 | D:2      | Reached skill level 1 in Stealth
  1501 | D:2      | Found a burning altar of Makhleb.
  1501 | D:2      | Noticed Jessica
  1523 | D:2      | Reached XP level 4. HP: 31/31 MP: 5/5
  1531 | D:2      | Killed Jessica
  1690 | D:2      | Found a faded altar to an unknown god.
  1798 | D:2      | Reached skill level 1 in Slings
  2366 | D:3      | Found a snail-covered altar of Cheibriados.
  2366 | D:3      | Noticed mg7810's ghost (weakling LaMo)
  2437 | D:3      | Reached ** piety under Lugonu
  2442 | D:3      | Found a glowing golden altar of the Shining One.
  2634 | D:3      | Reached XP level 5. HP: 36/36 MP: 6/6
  3752 | D:4      | Slain by an iguana

Vault maps used:
D:1:      dpeg_arrival_lava_temple_mockup, minmay_misc_feat_nine_boxes,
          patterned_corridor
D:2:      gammafunk_temple_overflow_pools, lightli_temple_of_fire,
          ecumenical_altar_2, uniq_jessica
D:3:      tso_metal_star, cheibriados_altar_1
D:4:      minmay_goblin_kobold_house

Action                   |  1- 3 |  4- 6 || total
-------------------------+-------+-------++-------
Melee: Spear             |    72 |   102 ||   174
       Halberd           |       |     7 ||     7
 Fire: Hunting sling     |    22 |    56 ||    78
Invok: Depart the Abyss  |     1 |       ||     1
       Bend Space        |       |     2 ||     2
  Use: Scroll            |     3 |     6 ||     9
       Potion            |     4 |     3 ||     7
 Stab: Sleeping          |     4 |     1 ||     5
  Eat: Bread ration      |     1 |     1 ||     2
       Beef jerky        |       |     1 ||     1
       Chunk             |       |     1 ||     1
